 Dungeon Crawl Stone Soup version 0.29.1-15-g9cfb28693d (webtiles) character file.

Game seed: 16375962528167412461

730 WimpyRanger the Covert (level 7, -4/47 HPs)
             Began as an Octopode Enchanter on Mar 10, 2023.
             Was a Plaything of Xom.
             Slain by a gnoll
             ... wielding a +0 spear
             ... summoned by Xom
              (7 damage)
             ... on level 5 of the Dungeon.
             The game lasted 00:14:15 (5341 turns).

WimpyRanger the Covert (Octopode Enchanter)         Turns: 5341, Time: 00:14:16

Health: -4/47      AC:  1    Str:  7    XL:     7   Next: 73%
Magic:  20/20      EV: 13    Int: 21    God:    Xom [.....*]
Gold:   277        SH:  5    Dex: 13    Spells: 5/12 levels left

rFire   . . .      SeeInvis .   a - +1 dagger
rCold   + . .      Faith    .   (no shield)
rNeg    . . .      Spirit   .   (helmet restricted)
rPois   .          Reflect  +   n - amulet of reflection
rElec   .          Harm     .   l - ring of magical power
rCorr   .          Rampage  .   (no ring)
Will    .....                   (no ring)
Stlth   +++++.....              (no ring)
HPRegen 0.15/turn               (no ring)
MPRegen 0.17/turn               (no ring)
                                (no ring)
                                (no ring)

@: weak-willed
A: almost no armour, amphibious, 8 rings, camouflage 1, gelatinous body 1,
(nimble swimmer 1), tentacles, antennae 1, tentacle spike 1, clever 1, cold
resistance 1, strong-willed 1, robust 1
a: Renounce Religion


You were on level 5 of the Dungeon.
You worshipped Xom.
You were Xom's teddy bear.
You visited 1 branch of the dungeon, and saw 5 of its levels.

You collected 277 gold pieces.

Inventory:

Hand Weapons
 a - a +1 dagger (weapon)
 p - the +5 spear of Kegup {protect, *Noise +Blink rElec rPois SInv}
   (You found it on level 5 of the Dungeon)

   It grants its wielder temporary protection when it strikes (+7 to AC).
   rElec:     It insulates you from electricity.
   rPois:     It protects you from poison.
   SInv:      It lets you see invisible.
   +Blink:    It lets you blink.
   *Noise:    It may make noises in combat.
Missiles
 m - 11 poisoned darts (quivered)
Jewellery
 c - an amulet of magic regeneration
 l - a ring of magical power (left tentacle)
 n - an amulet of reflection (around mantle)
Wands
 s - a wand of flame (16)
Scrolls
 b - a scroll of identify
 f - a scroll of fog {unknown}
 i - a scroll of magic mapping
 o - a scroll of vulnerability
 r - a scroll of torment {unknown}
Potions
 d - a potion of ambrosia {unknown}
 e - a potion of attraction {unknown}
 g - a potion of haste
 h - a potion of lignification {unknown}
 j - a potion of flight


   Skills:
 - Level 1.0 Fighting
 + Level 3.0 Short Blades
 - Level 2.0 Dodging
 + Level 8.6 Stealth
 + Level 3.1 Spellcasting
 + Level 4.7 Hexes
 * Level 2.0 Translocations
 - Level 1.0 Ice Magic


You had 5 spell levels left.
You knew the following spells:

 Your Spells              Type           Power      Damage    Failure   Level
a - Ensorcelled Hibernat  Hex/Ice        30%        N/A       6%          2
b - Confusing Touch       Hex            23%        N/A       5%          3
c - Blink                 Tloc           22%        N/A       9%          2

Your spell library contained the following spells:

 Spells                   Type           Power      Damage    Failure   Level
 Tukima's Dance           Hex            23%        N/A       5%          3
 Beastly Appendage        Tmut           6%         N/A       13%         1
 Dazzling Flash           Conj/Hex       26%        N/A       16%         3
 Lesser Beckoning         Tloc           11%        N/A       17%         3
 Wereblood                Tmut           3%         N/A       21%         2
 Spider Form              Tmut/Pois      3%         N/A       36%         3
 Manifold Assault         Tloc           11%        N/A       85%         5


Dungeon Overview and Level Annotations

Branches:
Dungeon (5/15)
 Temple: D:4-7

Altars:
Xom
Zin


Innate Abilities, Weirdness & Mutations

You cannot wear most types of armour.
You are amphibious.
You can wear up to eight rings at the same time.
Your skin changes colour to match your surroundings (Stealth+).
Your rubbery body absorbs attacks. (AC +1, EV +1)
((You are camouflaged when in or above water. (Stealth+)))
You have tentacles for arms and can constrict up to eight enemies at once.
You have a pair of small antennae on your head.
One of your tentacles bears a spike.
Your mind is acute. (Int +4, Str/Dex -1)
Your flesh is cold resistant. (rC+)
You are strong-willed. (Will+)
You are robust. (+10% HP)


Message History

Unknown command.
Unknown command.
You are too confused!
You're too confused to move!
The adder bites you.
You are poisoned.
The adder poisons you! The gnoll barely misses you.
The orc wizard hits you with a +0 dagger.
The gnoll hits you from afar with a +0 halberd!
The gnoll closely misses you. The gnoll completely misses you.
Unknown command.
You feel better. The adder bites you but does no damage.
The dart slug launches a dart at you. The slug dart hits you.
You block the gnoll's attack.
The orc wizard hits you with a +0 dagger.
The gnoll barely misses you. You block the gnoll's attack.
The orc wizard points at you and mumbles some strange words.
The magic dart hits you! The gnoll barely misses you.
Unknown command.
As you read the scroll labelled ILAM ADDUNEI, it crumbles to dust.
The creatures around you are filled with an inner flame!
It was a scroll of immolation.
The adder bites you. x2
You are poisoned.
The adder poisons you!
The gnoll hits you from afar with a +0 spear.
The gnoll closely misses you.
The orc wizard mumbles some strange words.
The orc wizard flickers and vanishes!
Deactivating autopickup; reactivate with Ctrl-A.
The gnoll hits you from afar with a +0 halberd!
* * * LOW HITPOINT WARNING * * *
You block the gnoll's attack.
Unknown command.
You feel better. The adder barely misses you.
The dart slug launches a dart at you. The slug dart misses you.
You block the gnoll's attack.
The gnoll hits you from afar with a +0 halberd!
* * * LOW HITPOINT WARNING * * *
The gnoll completely misses you.
The gnoll hits you from afar with a +0 spear!
You die...

...# ... . ..
.###..#######
.........#..##
#####.........#...
.##............{o#
.........##....go##
..............go@S#
..........#^.##wg##
........# #...g..#
.......## #......#
.......####..##.##
.........##.###.#
#.....)>.##...###
.....)).......#
.............##


You could see an orc priest (summoned, inner flame, weak-willed), an orc wizard
(summoned, inner flame, weak-willed), 4 gnolls, an adder (summoned, inner flame,
weak-willed), a dart slug (summoned, inner flame, weak-willed) and an orc
(summoned, inner flame, weak-willed).

Vanquished Creatures
  Sigmund (D:2)
  Eustachio (D:5)
  A scorpion (D:5)
  A jelly (D:4)
  An orc priest (D:5)
  2 hounds (D:5)
  2 orc wizards (D:3)
  9 adders
  2 dart slugs
  13 orcs
  10 ball pythons
  9 endoplasms
  4 giant cockroaches
  9 goblins
  9 hobgoblins
  7 kobolds
  2 quokkas (D:1)
  7 bats
  2 frilled lizards
  5 rats (D:3)
97 creatures vanquished.

Notes
Turn   | Place    | Note
-------+----------+-------------------------------------------
     0 | D:1      | WimpyRanger the Octopode Enchanter began the quest for the
                  | Orb.
     0 | D:1      | Reached XP level 1. HP: 11/11 MP: 3/3
   382 | D:1      | Reached XP level 2. HP: 18/18 MP: 5/5
  1068 | D:1      | Reached XP level 3. HP: 22/22 MP: 6/6
  1136 | D:1      | Learned a level 2 spell: Ensorcelled Hibernation
  1195 | D:1      | Found a faded altar of an unknown god.
  1465 | D:1      | Reached skill level 5 in Stealth
  1516 | D:1      | Prayed at the altar of an unknown god.
  1516 | D:1      | Became a worshipper of Xom the Elder Chaos God
  1593 | D:2      | Reached XP level 4. HP: 19/27 MP: 7/7
  1637 | D:2      | XOM: silly message
  1663 | D:2      | XOM: divination: detect creatures
  1826 | D:2      | Noticed Sigmund
  1841 | D:2      | Killed Sigmund
  1842 | D:2      | Reached skill level 1 in Fighting
  1842 | D:2      | Reached skill level 6 in Stealth
  1842 | D:2      | Reached XP level 5. HP: 33/33 MP: 8/8
  1842 | D:2      | Reached XP level 6. HP: 38/38 MP: 9/9
  1911 | D:2      | XOM: silly message
  2082 | D:2      | Reached skill level 7 in Stealth
  2236 | D:2      | XOM: divination: detect creatures
  2343 | D:2      | XOM: divination: detect creatures
  2565 | D:3      | Learned a level 3 spell: Confusing Touch
  3172 | D:3      | Learned a level 2 spell: Blink
  3727 | D:3      | XOM: summons 3 hostile demons
  3904 | D:3      | XOM: summons 4 hostile shadow creatures
  4338 | D:4      | XOM: enchant monster (good)
  4369 | D:3      | XOM: cloud trail
  4476 | D:3      | XOM: give mutations
  4476 | D:3      | Gained mutation: You are robust. (+10% HP) [Xom's grace]
  4476 | D:3      | Gained mutation: One of your tentacles bears a spike.
                  | [Xom's grace]
  4476 | D:3      | Gained mutation: Your flesh is cold resistant. (rC+) [Xom's
                  | grace]
  4704 | D:4      | Found a glowing silver altar of Zin.
  4819 | D:4      | XOM: give mutations
  4819 | D:4      | Gained mutation: You are strong-willed. (Will+) [Xom's
                  | grace]
  4819 | D:4      | Gained mutation: You have a pair of small antennae on your
                  | head. [Xom's grace]
  4819 | D:4      | Gained mutation: Your mind is acute. (Int +4, Str/Dex -1)
                  | [Xom's grace]
  4986 | D:5      | Entered Level 5 of the Dungeon
  5002 | D:5      | Reached XP level 7. HP: 47/47 MP: 11/11
  5012 | D:5      | Identified the +5 spear of Kegup {protect, *Noise +Blink
                  | rElec rPois SInv}
  5031 | D:5      | Noticed Eustachio
  5041 | D:5      | Killed Eustachio
  5042 | D:5      | Reached skill level 8 in Stealth
  5042 | D:5      | Reached skill level 1 in Translocations
  5042 | D:5      | Reached skill level 1 in Ice Magic
  5336 | D:5      | XOM is BORED!
  5336 | D:5      | XOM: summons 4 hostile shadow creatures
  5341 | D:5      | Slain by a gnoll

Illustrated notes

Levels and vault maps discovered:
D:1:      psy_arrival_terrarium, layout_loops_corners,
          hellmonk_ecumenical_altar_crossroads, minmay_pentomino_r4
D:2:      layout_basic, minmay_fountain_box, nicolae_eternal_life, uniq_sigmund
D:3:      layout_basic
D:4:      layout_gridville, lemuel_crystal_altar, kennysheep_doodads
D:5:      layout_cave_pools, uniq_eustachio

Skill      XL: |  1  2  3  4  5  6  7 |
---------------+----------------------+-----
Stealth        | 5 6 7 8 |  8.6
Fighting       | 1 |  1.0
Short Blades   | 2 3 |  3.0
Hexes          | 4 |  4.7
Spellcasting   | 3 |  3.1
Translocations | 2 |  2.0
Ice Magic      | 1 |  1.0
Dodging        | |  2.0

Action                   |  1- 3 |  4- 6 |  7- 9 || total
-------------------------+-------+-------+-------++-------
Melee: Dagger            |    53 |   128 |    15 ||   196
       Constrict         |    14 |    25 |     1 ||    40
       Tentacles         |     9 |    27 |     1 ||    37
       Punch             |       |     3 |       ||     3
       Kick              |       |       |     1 ||     1
 Cast: Ensorcelled Hiber |     1 |    15 |    20 ||    36
       Confusing Touch   |       |     8 |       ||     8
  Use: Potion            |       |     3 |     2 ||     5
       Scroll            |       |     7 |     2 ||     9
 Stab: Sleeping          |     8 |    27 |    12 ||    47
       Distracted        |       |     1 |       ||     1
       Confused          |       |     1 |       ||     1
       Invisible         |       |     1 |       ||     1
Armor: Skin              |     2 |     6 |     2 ||    10
Dodge: Dodged            |    23 |    52 |    20 ||    95
Block: Other             |       |     1 |    10 ||    11
